 Dungeon Crawl Stone Soup version 0.20.1-1-g8b1a95d (webtiles) character file.

7527 Irenicus the Cleaver (level 10, -3/126 HPs)
             Began as a Deep Dwarf Berserker on Nov 11, 2017.
             Was an Elder of Trog.
             Slain by a skeletal warrior
             ... wielding a +0 halberd
              (19 damage)
             ... on level 11 of the Dungeon.
             The game lasted 00:51:40 (4244 turns).

Irenicus the Cleaver (Deep Dwarf Berserker)         Turns: 4244, Time: 00:51:41

Health: -3/126     AC:  9    Str: 27    XL:     10   Next: 95%
Magic:  16/16      EV: 14    Int: 14    God:    Trog [****..]
Gold:   187        SH:  0    Dex: 15    Spells: 9/9 levels left

rFire    . . .     SeeInvis .   N - +3 broad axe (flame)
rCold    . . .     Gourm    .   (no shield)
rNeg     + . .     Faith    +   v - +0 ring mail
rPois    .         Spirit   .   (no helmet)
rElec    .         Reflect  .   w - +1 cloak
rCorr    .         Harm     .   (no gloves)
MR       ++++.                  (no boots)
Stlth    ..........             L - amulet of faith
Regen    1.0/turn               k - +2 ring of slaying
MPRegen  0.2/turn               i - ring of Byef {*Drain rN+ MR+ Int+7}

@: berserking, non-regenerating, very quick
A: damage resistance, heal wounds, sense surroundings 2, no regeneration
a: Heal Wounds, Berserk, Trog's Hand, Brothers in Arms, Burn Spellbooks,
Renounce Religion


You were on level 11 of the Dungeon.
You worshipped Trog.
Trog was greatly pleased with you.
You were hungry.

You visited 2 branches of the dungeon, and saw 12 of its levels.
You also visited: Sewer.

You collected 348 gold pieces.
You spent 161 gold pieces at shops.

Inventory:

Hand Weapons
 a - a +0 hand axe
 N - a +3 broad axe of flaming (weapon)
 P - a +0 hand axe of freezing
Armour
 v - a +0 ring mail (worn)
 w - a +1 cloak (worn)
 A - a +0 plate armour
Jewellery
 i - the ring of Byef (right hand) {*Drain rN+ MR+ Int+7}
   (You found it on level 5 of the Dungeon)

   [ring of positive energy]

   It affects your intelligence (+7).
   It protects you from negative energy.
   It affects your resistance to hostile enchantments.
   It causes draining when unequipped.
 k - a +2 ring of slaying (left hand)
 m - an uncursed ring of protection from magic
 B - an uncursed amulet of harm
 L - an amulet of faith (around neck)
Wands
 c - a wand of enslavement (13/24)
 n - a wand of polymorph (11/24)
 p - a wand of paralysis (3/24)
 x - a wand of clouds (2/9)
 y - a wand of flame (0/48)
 G - a wand of random effects (12/48)
Scrolls
 b - 6 scrolls of remove curse
 e - 4 scrolls of immolation
 j - 3 scrolls of teleportation
 l - a scroll of noise {unknown}
 o - 2 scrolls of magic mapping {unknown}
 u - a scroll of enchant armour
 H - a scroll of recharging
 J - a scroll of fear {unknown}
 K - a scroll of silence {unknown}
 M - a scroll of fog
 O - a scroll of random uselessness {unknown}
Potions
 d - 2 potions of brilliance
 f - 5 potions of might
 q - 4 potions of curing
 s - 2 potions of flight
 t - 2 potions of cancellation
 z - a potion of resistance {unknown}
 F - a potion of haste
Books
 g - a book of Minor Magic

   Spells                             Type                      Level
   a - Magic Dart                     Conjuration                  1
   b - Blink                          Translocation                2
   c - Call Imp                       Summoning                    2
   d - Slow                           Hexes                        2
   e - Conjure Flame                  Conjuration/Fire             3
   f - Mephitic Cloud                 Conjuration/Poison/Air       3
   Trog disapproves of the use of such an item.
 C - a book of Flames

   Spells                             Type                      Level
   a - Flame Tongue                   Conjuration/Fire             1
   b - Throw Flame                    Conjuration/Fire             2
   c - Conjure Flame                  Conjuration/Fire             3
   d - Inner Flame                    Hexes/Fire                   3
   e - Sticky Flame                   Conjuration/Fire             4
   f - Fireball                       Conjuration/Fire             5
   Trog disapproves of the use of such an item.
 D - a book of Flames

   Spells                             Type                      Level
   a - Flame Tongue                   Conjuration/Fire             1
   b - Throw Flame                    Conjuration/Fire             2
   c - Conjure Flame                  Conjuration/Fire             3
   d - Inner Flame                    Hexes/Fire                   3
   e - Sticky Flame                   Conjuration/Fire             4
   f - Fireball                       Conjuration/Fire             5
   Trog disapproves of the use of such an item.
 E - a book of Flames

   Spells                             Type                      Level
   a - Flame Tongue                   Conjuration/Fire             1
   b - Throw Flame                    Conjuration/Fire             2
   c - Conjure Flame                  Conjuration/Fire             3
   d - Inner Flame                    Hexes/Fire                   3
   e - Sticky Flame                   Conjuration/Fire             4
   f - Fireball                       Conjuration/Fire             5
   Trog disapproves of the use of such an item.
Miscellaneous
 I - a phial of floods
Comestibles
 h - 4 meat rations
 r - 4 bread rations


   Skills:
 - Level 3.3 Fighting
 + Level 14.1 Axes
 - Level 8.0 Armour
 - Level 5.0 Dodging
 - Level 8.1 Evocations


You had 9 spell levels left.
You didn't know any spells.

Dungeon Overview and Level Annotations

Branches:
Dungeon (11/15)            Temple (1/1) D:7
   Lair: D:8-11         Orc: D:9-12

Altars:
Ashenzari
Cheibriados
Dithmenos
Elyvilon
Fedhas
Gozag
Makhleb
Nemelex Xobeh
Okawaru
Qazlal
Ru
Sif Muna
Uskayaw
Vehumet
Xom
Zin
The Shining One

Shops:
D:9 *   D:10 }(*(   D:11 }

Annotations:
D:9 1 runed door, exclusion: downstairs


Innate Abilities, Weirdness & Mutations

You are resistant to damage.
You can heal yourself by infusing magical energy.
You passively map the area around you.
You do not regenerate.


Message History

The skeletal warrior hits you with a halberd!
You hit the skeletal warrior. You burn the skeletal warrior.
The skeletal warrior is moderately damaged.
You slash the skeletal warrior! You burn the skeletal warrior.
The skeletal warrior is heavily damaged.
The skeletal warrior hits you from afar with a halberd!!
* * * LOW HITPOINT WARNING * * *
The skeletal warrior hits you with a halberd!
* * * LOW HITPOINT WARNING * * *
You are feeling hungry.
You hit the skeletal warrior but do no damage.
The skeletal warrior is heavily damaged.
You slash the skeletal warrior! You burn the skeletal warrior.
The skeletal warrior is severely damaged.
The skeletal warrior hits you from afar with a halberd!
* * * LOW HITPOINT WARNING * * *
You barely miss the skeletal warrior.
The skeletal warrior is severely damaged.
The skeletal warrior hits you with a halberd!!
You die...

.....##..........# #....# #
.....##.#+###...#####.#.##.#
.>...##.# #....}.........#
..<.....# * #...##.##...####
#..###.... ##.....##...#
##.# *,##. #.##..##...# #..
#.#....#...# ##. ,,
#..........# .. ,
,###@#####..# #. ##8z8##
...# .# ##...z.###..# , ,
##8.....8##..# ** ,
##.........##.. ,
#8.........8####* * ,
,,+.....)...".+,
#8[........8#, ##.........##


You could see 2 skeletal warriors.

Vanquished Creatures
  A two-headed ogre (D:9)
  The ghost of flestrin the Covert, a journeyman SpEn of Sif Muna (D:10)
  A wolf spider zombie (D:9)
  Joseph (D:7)
  A hornet (D:9)
  2 hippogriffs
  6 yaks (D:9)
  A spriggan (D:10)
  Eustachio (D:6)
  2 hungry ghosts
  Edmund (D:4)
  An orc warrior (D:9)
  3 black bears
  2 ice beasts
  An eye of draining (D:9)
  3 ogres
  3 phantoms
  The ghost of bmj180 the Skirmisher, an amateur MfFi (D:3)
  A centaur (D:10)
  5 big kobolds
  2 bullfrogs
  2 scorpions
  4 killer bees (D:10)
  4 wights (D:10)
  An electric eel (D:9)
  3 howler monkeys
  6 crimson imps
  2 quasits
  3 jellies
  An orc priest (D:9)
  A centaur skeleton (D:8)
  5 hounds
  2 bullfrog skeletons
  An iron imp (D:7)
  6 worker ants
  2 orc wizards
  2 hound skeletons (D:4)
  A howler monkey skeleton (D:6)
  18 adders
  7 river rats (Sewer)
  3 shadow imps
  2 oozes (D:2)
  An adder skeleton (D:4)
  4 worms
  2 dart slugs
  3 leopard geckos
  15 orcs
  3 ball pythons (Sewer)
  4 giant cockroaches
  9 goblins
  4 hobgoblins
  6 jackals
  8 quokkas
  3 bats
  3 frilled lizards
  27 kobolds
  A leopard gecko skeleton (D:9)
  A leopard gecko zombie (D:8)
  22 rats
232 creatures vanquished.

Notes
Turn   | Place    | Note
-------+----------+-------------------------------------------
     0 | D:1      | Irenicus the Deep Dwarf Berserker began the quest for the Orb.
     0 | D:1      | Reached XP level 1. HP: 20/20 MP: 1/1
   102 | D:2      | Found a hide-covered altar of Uskayaw.
   114 | D:2      | Reached skill level 4 in Axes
   114 | D:2      | Reached XP level 2. HP: 27/27 MP: 2/2
   299 | D:2      | Reached XP level 3. HP: 4/33 MP: 3/3
   345 | D:2      | Reached skill level 5 in Axes
   356 | D:2      | Reached ** piety under Trog
   360 | D:2      | Reached XP level 4. HP: 7/40 MP: 4/4
   530 | D:3      | Found a shadowy altar of Dithmenos.
   536 | D:3      | Noticed bmj180's ghost (amateur MfFi)
   556 | D:3      | Killed bmj180's ghost
   556 | D:3      | Reached skill level 6 in Axes
   556 | D:3      | Reached XP level 5. HP: 14/46 MP: 5/5
   663 | D:4      | Found a sparkling altar of Nemelex Xobeh.
   689 | D:3      | Reached skill level 7 in Axes
   787 | D:4      | Reached XP level 6. HP: 16/55 MP: 6/6
   812 | D:4      | Reached *** piety under Trog
   864 | D:4      | Found a glowing drain.
   869 | Sewer    | Entered a sewer
   936 | Sewer    | Reached skill level 8 in Axes
  1016 | Sewer    | Reached XP level 7. HP: 10/61 MP: 7/7
  1065 | Sewer    | Reached skill level 9 in Axes
  1305 | D:4      | Noticed Edmund
  1352 | D:4      | Killed Edmund
  1362 | D:5      | Entered Level 5 of the Dungeon
  1373 | D:5      | Reached skill level 10 in Axes
  1461 | D:5      | Got a fine golden ring
  1462 | D:5      | Identified the ring of Byef {*Drain rN+ MR+ Int+7} (You found it on level 5 of the Dungeon)
  1522 | D:5      | Found a radiant altar of Vehumet.
  1592 | D:5      | Reached XP level 8. HP: 38/68 MP: 8/8
  1661 | D:6      | Reached skill level 11 in Axes
  1770 | D:7      | Found a staircase to the Ecumenical Temple.
  1780 | Temple   | Entered the Ecumenical Temple
  1862 | D:7      | Found a snail-covered altar of Cheibriados.
  1938 | D:6      | Reached skill level 12 in Axes
  2072 | D:6      | Reached **** piety under Trog
  2134 | D:6      | Found a white marble altar of Elyvilon.
  2135 | D:6      | Found a glowing silver altar of Zin.
  2136 | D:6      | Found a glowing golden altar of the Shining One.
  2166 | D:6      | Found a deep blue altar of Sif Muna.
  2180 | D:6      | Gained mutation: You passively map the area around you. [Deep Dwarf growth]
  2180 | D:6      | Reached XP level 9. HP: 45/74 MP: 9/9
  2252 | D:7      | Found a stormy altar of Qazlal.
  2261 | D:7      | Reached skill level 13 in Axes
  2327 | D:9      | Noticed a two-headed ogre
  2365 | D:9      | Killed a two-headed ogre
  2365 | D:9      | Reached skill level 14 in Axes
  2405 | D:9      | Reached skill level 5 in Evocations
  2561 | D:6      | Found a blossoming altar of Fedhas.
  2586 | D:6      | Noticed Eustachio
  2600 | D:6      | Killed Eustachio
  2600 | D:6      | Reached XP level 10. HP: 16/84 MP: 13/15
  2700 | D:7      | Found a sacrificial altar of Ru.
  2708 | D:7      | Noticed Joseph
  2730 | D:7      | Killed Joseph
  3124 | D:9      | Found a runed door.
  3124 | D:9      | Noticed a stone giant
  3124 | D:9      | Noticed a centaur warrior
  3126 | D:9      | Noticed a fire giant
  3126 | D:9      | Noticed a flayed ghost
  3126 | D:9      | Noticed a flayed ghost
  3126 | D:9      | Noticed a centaur warrior
  3126 | D:9      | Noticed a fire dragon
  3357 | D:10     | Entered Level 10 of the Dungeon
  3357 | D:10     | Noticed flestrin's ghost (journeyman SpEn)
  3403 | D:9      | Reached skill level 5 in Armour
  3474 | D:9      | Found Vearghips's General Store.
  3662 | D:10     | Found Giraes's Gadget Emporium.
  3733 | D:10     | HP: 3/84 [wight/great sword (14)]
  3820 | D:10     | Found a shimmering altar of Xom.
  3916 | D:10     | Found Tass's Antique Weapon Shoppe.
  3938 | D:10     | Bought a glowing broad axe for 161 gold pieces
  4052 | D:10     | Found Raebbyps's General Store.
  4085 | D:10     | Killed flestrin's ghost
  4085 | D:10     | Reached skill level 5 in Dodging
  4092 | D:10     | Found Rukhirul's Antique Weapon Boutique.
  4148 | D:11     | Found Exteg's Gadget Boutique.
  4150 | D:11     | Noticed a manticore
  4216 | D:11     | Noticed a skeletal warrior
  4216 | D:11     | Noticed a skeletal warrior
  4244 | D:11     | Slain by a skeletal warrior

Skill      XL: |  1  2  3  4  5  6  7  8  9 10 |
---------------+-------------------------------+-----
Axes           | 4 5 6 7 8 10 12 14 | 14.1
Fighting       | 3 |  3.3
Evocations     | 6 8 |  8.1
Armour         | 8 |  8.0
Dodging        | 5 |  5.0

Action                   |  1- 3 |  4- 6 |  7- 9 | 10-12 || total
-------------------------+-------+-------+-------+-------++-------
Melee: Hand axe          |    63 |   194 |   329 |   250 ||   836
       Broad axe         |       |       |       |    49 ||    49
Invok: Berserk           |     3 |     4 |     9 |     9 ||    25
       Trog's Hand       |       |     4 |     8 |    10 ||    22
Evoke: Wand              |       |       |    18 |    14 ||    32
  Use: Potion            |     1 |     2 |     2 |     7 ||    12
       Scroll            |       |     1 |     8 |     2 ||    11
 Stab: Confused          |       |       |     7 |       ||     7
       Paralysed         |       |       |       |    13 ||    13
  Eat: Chunk             |       |     6 |     9 |     2 ||    17
       Royal jelly       |       |     1 |     2 |       ||     3
       Bread ration      |       |       |     1 |     2 ||     3
       Meat ration       |       |       |       |     2 ||     2
Armor: Leather armour    |    20 |    36 |     6 |       ||    62
       Animal skin       |     1 |       |       |       ||     1
       Ring mail         |       |       |    66 |    63 ||   129
       Skin              |       |       |     7 |     6 ||    13
Dodge: Dodged            |    36 |   136 |   145 |    97 ||   414
